 Dungeon Crawl Stone Soup version 0.21-a0-215-g0631661 (webtiles) character file.

32 Alarkh the Grave Robber (level 3, 24/24 HPs)
             Began as a Demonspawn Necromancer on Aug 22, 2017.
             Got out of the dungeon alive.
             The game lasted 00:01:14 (1428 turns).

Alarkh the Grave Robber (Demonspawn Necromancer)    Turns: 1428, Time: 00:01:15

Health: 24/24      AC:  2    Str:  8    XL:     3   Next: 8%
Magic:  7/7        EV: 12    Int: 17    God:
Gold:   93         SH:  0    Dex: 15    Spells: 6/7 levels left

rFire    . . .     SeeInvis .   a - +0 dagger
rCold    + . .     Gourm    .   (no shield)
rNeg     . . .     Faith    .   g - +0 robe
rPois    .         Spirit   .   (no helmet)
rElec    .         Reflect  .   (no cloak)
rCorr    .         Harm     .   (no gloves)
MR       .....                  (no boots)
Stlth    ++........             (no amulet)
HPRegen  0.08/turn              (no ring)
MPRegen  0.10/turn              (no ring)

@: no status effects
A: thin skeletal structure 1, cold resistance 1
a: no special abilities


You escaped.
You were not hungry.

You visited 1 branch of the dungeon, and saw 1 of its levels.

You collected 93 gold pieces.

Inventory:

Hand Weapons
 a - a +0 dagger (weapon)
Armour
 g - a +0 robe (worn)
Jewellery
 i - a cursed ring of loudness {unknown}
 q - a cursed -3 ring of evasion {unknown}
Scrolls
 d - a scroll of remove curse {unknown}
 e - a scroll of magic mapping {unknown}
 j - a scroll of random uselessness {unknown}
 k - 2 scrolls of identify {unknown}
 l - a scroll of recharging {unknown}
 p - a scroll of amnesia {unknown}
Potions
 f - 2 potions of curing {unknown}
 h - 3 potions of mutation {unknown}
 n - a potion of berserk rage {unknown}
Books
 b - a book of Necromancy

   Spells                             Type                      Level
   a - Pain                           Necromancy                   1
   b - Animate Skeleton               Necromancy                   1
   c - Vampiric Draining              Necromancy                   3
   d - Regeneration                   Charms/Necromancy            3
   e - Animate Dead                   Necromancy                   4
   f - Control Undead                 Necromancy                   4
Comestibles
 c - 2 bread rations
 m - a fruit
 o - 2 chunks of flesh


   Skills:
 - Level 1.7 Dodging
 - Level 1.7 Stealth
 + Level 2.7 Spellcasting
 + Level 5.0 Necromancy


You had 6 spell levels left.
You knew the following spells:

 Your Spells              Type           Power        Failure   Level  Hunger
a - Pain                  Necr           ###.         2%          1    #......


Dungeon Overview and Level Annotations

Branches:
Dungeon (1/15)

Altars:


Innate Abilities, Weirdness & Mutations

You have a somewhat thin skeletal structure. (Dex +2, Stealth)
Your flesh is cold resistant. (rC+)


Message History

A giant cockroach comes into view.
You can't go up here!
Casting: Pain
Confirm with . or Enter, or press ? or * to list all spells.
Aiming: Pain
Press: ? - help, Shift-Dir - straight line, f - giant cockroach
Aim: a giant cockroach (clinging, hasn't noticed you, chance to defeat MR: 89%)
The giant cockroach writhes in agony!
You kill the giant cockroach!
Your Necromancy skill increases to level 5!
Casting: Pain
Confirm with . or Enter, or press ? or * to list all spells.
You can't see any susceptible monsters within range! (Use Z to cast anyway.)
(D) Dungeon
Where to? (Enter - D:1 @ (x,y), ? - help)
There is an open door here.
Some of the chunks of flesh in your inventory have rotted away.
There is a staircase leading out of the dungeon here.
Are you sure you want to leave the Dungeon?
This will make you lose the game!
You have escaped!

#.#.# #########
#!#.# #≈≈≈≈P≈≈#
#.#.# #####
#≈≈.≈≈.P# #.#.#
....### #P≈PP≈≈≈#
#.#.# ##....#
#≈≈....≈# #.#.#
#.....####≈..P.#.#
#.#.#
.........#.≈≈≈≈#.#
#.#.#
#.....##.'P≈.≈≈#@#
#.#.#
#.....############
#.#.# ..>...#
#.#.# ###.###
#.#.# ..#.# #.#.#
#.#.# #.#.# #.#.#
#.#.# #.#.# #.#.#
..#.# #.#.#


There were no monsters in sight!

Vanquished Creatures
  A dart slug (D:1)
  5 bats (D:1)
  A giant cockroach (D:1)
  3 goblins (D:1)
  5 hobgoblins (D:1)
  2 jackals (D:1)
  3 kobolds (D:1)
  2 frilled lizards (D:1)
  3 rats (D:1)
25 creatures vanquished.

Notes
Turn   | Place    | Note
-------+----------+-------------------------------------------
     0 | D:1      | Alarkh the Demonspawn Necromancer began the quest for the Orb.
     0 | D:1      | Reached XP level 1. HP: 13/13 MP: 3/3
   363 | D:1      | Gained mutation: You have a somewhat thin skeletal structure. (Dex +2, Stealth) [demonic ancestry]
   363 | D:1      | Reached XP level 2. HP: 18/19 MP: 1/5
  1292 | D:1      | Gained mutation: Your flesh is cold resistant. (rC+) [demonic ancestry]
  1292 | D:1      | Reached XP level 3. HP: 24/24 MP: 4/7
  1372 | D:1      | Reached skill level 5 in Necromancy
  1428 | D:$      | Got out of the dungeon alive.

Vault maps used:
D:1:      lightli_arrival_flooded_house, minmay_vboxes

Skill      XL: |  1  2  3 |
---------------+----------+-----
Necromancy     | 5 |  5.0
Dodging        | |  1.7
Stealth        | |  1.7
Spellcasting   | |  2.7

Action                   || total
-------------------------++-------
Melee: Dagger            ||     1
 Cast: Pain              ||    41
  Eat: Chunk             ||     2
Armor: Robe              ||     1
Dodge: Dodged            ||     7

Table legend:
 A = Spawn XP
 B = Non-spawn XP
 C = Spawn XP percentage of total XP
 D = Spawn monster count
 E = Non-spawn monster count
 F = Spawn count percentage of total count
 G = Total turns spent on level
                    A         B        C        D         E        F      G
               +---------+---------+-------+---------+---------+-------+---------
         Total |      12 |      34 |  26.1 |       6 |      19 |  24.0 |  1428
               +---------+---------+-------+---------+---------+-------+---------
           D:1 |      12 |      34 |  26.1 |       6 |      19 |  24.0 |  1428
               +---------+---------+-------+---------+---------+-------+---------
